 Dungeon Crawl Stone Soup version 0.21.1-1-g345015f (webtiles) character file.

3461 nicolaieve the Cleaver (level 9, -4/85 HPs)
             Began as a Minotaur Berserker on July 6, 2018.
             Was an Elder of Trog.
             Slain by a wight
             ... wielding a +0 spear
              (8 damage)
             ... on level 6 of the Dungeon.
             The game lasted 00:19:22 (4061 turns).

nicolaieve the Cleaver (Minotaur Berserker)         Turns: 4061, Time: 00:19:22

Health: -4/85      AC: 11    Str: 25    XL:     9   Next: 78%
Magic:  8/8        EV:  8    Int:  4    God:    Trog [****..]
Gold:   263        SH: 11    Dex: 10    Spells: 8/8 levels left

rFire    . . .     SeeInvis .   y - +1 hand axe (chop)
rCold    . . .     Gourm    .   h - +0 shield (curse)
rNeg     . . .     Faith    .   r - +0 chain mail
rPois    .         Spirit   .   (helmet restricted)
rElec    .         Reflect  .   (no cloak)
rCorr    .         Harm     .   (no gloves)
MR       .....                  (no boots)
Stlth    ..........             (no amulet)
HPRegen  0.24/turn              p - ring of flight
MPRegen  0.11/turn              (no ring)

@: drained
A: retaliatory headbutt, horns 2
a: Berserk, Trog's Hand, Brothers in Arms, Burn Spellbooks, Renounce Religion,
Evoke Flight


You were on level 6 of the Dungeon.
You worshipped Trog.
Trog was greatly pleased with you.
You were not hungry.

You visited 1 branch of the dungeon, and saw 6 of its levels.
You also visited: Ossuary.

You collected 263 gold pieces.

Inventory:

Hand Weapons
 a - a +1 morningstar of holy wrath
 y - a +1 hand axe of chopping (weapon)
 z - a +0 war axe
Armour
 h - a cursed +0 shield (worn)
 r - a +0 chain mail (worn)
Jewellery
 p - a ring of flight (left hand)
Wands
 i - a wand of paralysis (9)
 A - a wand of acid (10)
Scrolls
 b - 2 scrolls of fog {unknown}
 d - 2 scrolls of magic mapping {unknown}
 e - 2 scrolls of blinking {unknown}
 f - 7 scrolls of remove curse {unknown}
 j - 4 scrolls of teleportation {unknown}
 k - a scroll of amnesia {unknown}
 l - 2 scrolls of enchant armour {unknown}
 m - a scroll of random uselessness {unknown}
 n - a scroll of immolation {unknown}
 q - 3 scrolls of enchant weapon {unknown}
 v - 2 scrolls of identify
 w - a scroll of brand weapon {unknown}
Potions
 g - 3 potions of curing
 o - 3 potions of ambrosia
 t - 2 potions of might
 u - 2 potions of haste
 x - a potion of agility
Comestibles
 c - 11 rations
 s - 13 chunks of flesh


   Skills:
 + Level 10.0(9.6) Fighting
 + Level 13.9(13.4) Axes
 + Level 9.4(9.0) Armour
 - Level 2.1(1.8) Dodging
 + Level 9.0(8.6) Shields


You had 8 spell levels left.
You didn't know any spells.

Dungeon Overview and Level Annotations

Branches:
Dungeon (6/15)
 Temple: D:4-7

Altars:
Elyvilon
Ru


Innate Abilities, Weirdness & Mutations

You reflexively headbutt those who attack you in melee.
You have a pair of horns on your head.


Message History

You feel drained. The wight hits you but does no damage.
The wight hits you with an enchanted scimitar.
* * * LOW HITPOINT WARNING * * *
A wight comes into view. It is wielding a battleaxe.
You block the wight's attack.
A wight comes into view. It is wielding a spear.
You block the wight's attack. x2
The wight barely misses you.
The wight hits you with an enchanted scimitar!
* * * LOW HITPOINT WARNING * * *
The wight barely misses you. x3
A wight comes into view. It is wielding a falchion.
The wight hits you but does no damage. You block the wight's attack. x2
The wight hits you from afar with a spear.
* * * LOW HITPOINT WARNING * * *
The wight hits you but does no damage. You block the wight's attack.
The wight hits you from afar with a spear!
You die...

.#.## ###.)...###
...# #.)........
. #..#
#.#####.### .. #
#..# #)# # #
##.#.# #..# #.#
#.#....###..###.#
#.#.#..zz.......#
#.#...##zz..#####
#..#.# #@##.#
##....###.##.#
#..#......##..
#.....###.#####
#.#.#.# #.#
#.#.#.###.#
#.........#
#.........#
#.###.#...#


You could see 4 wights.

Vanquished Creatures
  Grinder (D:5)
  Eustachio (D:5)
  Menkaure (D:4)
  An ice beast (D:5)
  A sky beast (D:4)
  2 ogres
  An elf zombie (Ossuary)
  Blork the orc (D:5)
  A bullfrog (D:6)
  A gnoll sergeant (D:5)
  6 wights
  A howler monkey (D:4)
  2 hounds
  An orc wizard (D:5)
  A bullfrog skeleton (D:5)
  An iguana (D:5)
  6 worker ants
  A big kobold zombie (Ossuary)
  4 mummies (Ossuary)
  6 adders
  2 oozes (D:1)
  4 adder zombies
  An adder skeleton (D:4)
  2 worms
  A dart slug (D:2)
  4 leopard geckos
  9 orcs
  6 bats
  5 giant cockroaches
  5 hobgoblins
  6 jackals
  5 quokkas
  2 ball pythons
  4 frilled lizards
  A giant cockroach zombie (D:6)
  2 goblins
  A hobgoblin zombie (Ossuary)
  A jackal skeleton (D:5)
  A jackal zombie (Ossuary)
  6 kobolds
  3 kobold zombies (Ossuary)
  An orc zombie (Ossuary)
  A quokka zombie (D:5)
  17 rats
  A rat zombie (Ossuary)
131 creatures vanquished.

Notes
Turn   | Place    | Note
-------+----------+-------------------------------------------
     0 | D:1      | nicolaieve the Minotaur Berserker began the quest for the Orb.
     0 | D:1      | Reached XP level 1. HP: 19/19 MP: 0/0
   134 | D:1      | Reached skill level 4 in Axes
   221 | D:1      | Reached XP level 2. HP: 22/27 MP: 1/1
   755 | D:1      | Reached XP level 3. HP: 33/33 MP: 2/2
   924 | D:2      | Reached ** piety under Trog
   933 | D:2      | Reached skill level 5 in Axes
  1141 | D:2      | Found a white marble altar of Elyvilon.
  1579 | D:3      | Reached XP level 4. HP: 40/40 MP: 3/3
  2071 | D:4      | Reached skill level 1 in Shields
  2074 | D:4      | Noticed Menkaure
  2081 | D:4      | Killed Menkaure
  2081 | D:4      | Reached skill level 6 in Axes
  2081 | D:4      | Reached XP level 5. HP: 47/47 MP: 4/4
  2125 | D:4      | Noticed a sky beast
  2135 | D:4      | Killed a sky beast
  2135 | D:4      | Reached XP level 6. HP: 36/55 MP: 5/5
  2193 | D:4      | Found a sacrificial altar of Ru.
  2224 | D:4      | Reached skill level 5 in Fighting
  2224 | D:4      | Reached skill level 7 in Axes
  2261 | D:4      | Found a sand-covered staircase.
  2268 | Ossuary  | Entered an ossuary
  2285 | Ossuary  | Reached *** piety under Trog
  2540 | D:4      | Reached XP level 7. HP: 58/61 MP: 6/6
  3041 | D:4      | Reached skill level 12 in Axes
  3041 | D:4      | Reached XP level 8. HP: 75/75 MP: 7/7
  3042 | D:4      | Reached skill level 13 in Axes
  3042 | D:4      | Reached XP level 9. HP: 85/85 MP: 8/8
  3045 | D:5      | Entered Level 5 of the Dungeon
  3087 | D:5      | Noticed Grinder
  3094 | D:5      | Killed Grinder
  3128 | D:5      | Noticed Blork the orc
  3129 | D:5      | Noticed Eustachio
  3135 | D:5      | Killed Blork the orc
  3148 | D:5      | Killed Eustachio
  3524 | D:5      | Reached skill level 10 in Fighting
  3873 | D:6      | Reached **** piety under Trog
  4060 | D:6      | HP: 4/85 [wight/spear (2)]
  4061 | D:6      | Slain by a wight

Skill      XL: |  1  2  3  4  5  6  7  8  9 |
---------------+----------------------------+-----
Axes           | 4 5 6 7 12 13 | 13.9
Fighting       | 4 5 8 9 10 | 10.0
Shields        | 1 2 7 8 9 |  9.0
Armour         | 3 7 9 |  9.4
Dodging        | |  2.1

Action                   |  1- 3 |  4- 6 |  7- 9 || total
-------------------------+-------+-------+-------++-------
Melee: Hand axe          |   120 |    81 |   146 ||   347
       Headbutt          |    18 |    14 |    32 ||    64
Invok: Berserk           |       |     3 |     1 ||     4
       Trog's Hand       |       |     2 |       ||     2
  Use: Scroll            |       |       |     8 ||     8
       Potion            |       |       |     2 ||     2
  Eat: Chunk             |     2 |     4 |     6 ||    12
       Ration            |       |     1 |       ||     1
Armor: Animal skin       |     8 |       |       ||     8
       Ring mail         |    25 |     3 |       ||    28
       Chain mail        |       |    37 |    20 ||    57
Dodge: Dodged            |    63 |    27 |    28 ||   118
Block: Buckler           |     1 |    12 |    12 ||    25
       Shield            |       |       |    34 ||    34
